 Dungeon Crawl Stone Soup version 0.15-a0-1119-g9b3a599 (webtiles) character file.

15988 Quh the Basher (level 12, -11/105 HPs)
             Began as a Minotaur Berserker on May 29, 2014.
             Was a High Priest of Trog.
             Mangled by a redback (12 damage)
             ... on Level 1 of the Spider Nest.
             The game lasted 01:13:12 (12934 turns).

Quh the Basher (Minotaur Berserker)                Turns: 12934, Time: 01:13:12

HP -11/105       AC 18     Str 29      XL: 12   Next:  6%
MP  18/18        EV 10     Int  4      God: Trog [*****.]
Gold 494         SH  0     Dex 14      Spells:  0 memorised, 11 levels left

rFire  + . .     SeeInvis .     a - +3,+5 flail of Vorghik {freeze, -Cast Str+3 Dex+3}
rCold  . . .     Clarity  .     u - +2 scale mail {rPois}
rNeg   . . .     rCorr    .     (no shield)
rPois  +         rRot     .     (helmet restricted)
rElec  .         Spirit   .     q - +2 cloak
SustAb .         Warding  .     o - +0 pair of gloves
rMut   .         Stasis   .     N - +0 pair of boots (curse)
Gourm  .         NoCast   +     (no amulet)
MR     .....                    P - +1 ring of evasion
                                A - ring of protection from fire

@: lethally poisoned, exhausted, slowed, very slow, not resistant to hostile
enchantments, extremely unstealthy
A: retaliatory headbutt, horns 2
a: Burn Spellbooks, Berserk, Trog's Hand, Brothers in Arms, Renounce Religion


You were on level 1 of the Spider Nest.
You worshipped Trog.
Trog was extremely pleased with you.
You were near starving.

You visited 4 branches of the dungeon, and saw 14 of its levels.
You also visited: Ossuary.

You collected 566 gold pieces.
You spent 72 gold pieces at shops.

Inventory:

Hand weapons
 a - the +3,+5 flail of Vorghik (weapon) {freeze, -Cast Str+3 Dex+3}
   (You found it on level 5 of the Dungeon)

   It has been specially enchanted to freeze those struck by it, causing extra
   injury to most foes and up to double damage against particularly susceptible
   opponents.
   It can also slow down cold-blooded creatures.
   It affects your strength (+3).
   It affects your dexterity (+3).
   It prevents spellcasting.
 b - a +4,+4 shortbow of evasion
 y - the +8,+8 mace "Breih" {drain, MR+ Int-1}
   (You found it on level 2 of the Lair of Beasts)

   A truly terrible weapon, it drains the life of those it strikes.
   It affects your intelligence (-1).
   It affects your resistance to hostile enchantments.
 B - a +0,+4 great mace of protection
 G - a +0,+2 halberd of dragon slaying
 V - a +4,+4 battleaxe of draining
Missiles
 z - 23 arrows of dispersal
 Q - 59 arrows
 U - 11 arrows of frost
 Z - 16 arrows of flame
Armour
 o - a +0 pair of gloves (worn)
 q - a +2 cloak (worn)
 u - a +2 scale mail of poison resistance (worn)
 N - a cursed +0 pair of boots (worn)
 R - a +1 plate armour
Magical devices
 k - a wand of frost (23)
 l - a wand of random effects (12)
 s - a wand of slowing (7)
 x - a wand of polymorph (8)
 J - a wand of flame (18)
 S - a wand of digging (21)
Comestibles
 c - 5 bread rations
 i - 3 meat rations
 v - 3 beef jerkies
 T - 2 royal jellies
 Y - a slice of pizza
Scrolls
 d - 4 scrolls of remove curse
 f - 3 scrolls of fog
 g - 6 scrolls of identify
 h - a scroll of recharging
 r - 8 scrolls of teleportation
 C - a scroll of enchant armour
 F - a scroll of vulnerability
 O - a scroll of acquirement
Jewellery
 A - a ring of protection from fire (left hand)
 P - a +1 ring of evasion (right hand)
 X - an uncursed ring of see invisible
Potions
 e - a potion of flight
 j - 3 potions of heal wounds
 n - 10 potions of curing
 t - a potion of invisibility
 w - a potion of agility
 D - 3 potions of restore abilities
 E - a potion of brilliance
 H - 2 potions of haste
 L - 3 potions of might
Books
 I - a book of Dreams

   Spells                             Type                      Level
   Ensorcelled Hibernation            Hexes/Ice                    2
   Flight                             Charms/Air                   3
   Phase Shift                        Translocation                5
   Shadow Creatures                   Summoning                    5
   Mass Confusion                     Hexes                        6
   Darkness                           Hexes                        7
   Trog disapproves of the use of such an item.
Miscellaneous
 m - a lantern of shadows


   Skills:
 + Level 9.5 Fighting
 * Level 13.1 Maces & Flails
   Level 6.7 Staves
 * Level 7.5 Bows
 * Level 12.3 Armour
 - Level 2.1 Dodging
 * Level 7.1 Evocations


You had 11 spell levels left.
You didn't know any spells.

Dungeon Overview and Level Annotations

Branches:
Dungeon (8/15)             Temple (1/1) D:6            Lair (4/8) D:8
  Swamp (0/5) Lair:4       Spider (1/5) Lair:4

Altars:
Cheibriados
Gozag
Kikubaaqudgha
Makhleb
Qazlal
Vehumet
The Shining One

Shops:
D:5 !   D:8 [

Annotations:
Lair:3 exclusion: oklob plant


Innate Abilities, Weirdness & Mutations

You reflexively headbutt those who attack you in melee.
You have a pair of horns on your head.


Message History

The wolf spider hits you.
* * * LOW HITPOINT WARNING * * *
The wolf spider bites you!
* * * LOW HITPOINT WARNING * * *
The redback barely misses you. You furiously retaliate!
You headbutt the redback!
The wolf spider hits you but does no damage.
The wolf spider closely misses you. The redback barely misses you.
You furiously retaliate!
You headbutt the redback!
* * * LOW HITPOINT WARNING * * *
You feel sick. The wolf spider hits you.
* * * LOW HITPOINT WARNING * * *
The wolf spider bites you!
* * * LOW HITPOINT WARNING * * *
You are more poisoned.
The wolf spider poisons you! The redback barely misses you.
The wolf spider hits you but does no damage.
The wolf spider bites you but does no damage.
The redback bites you!
You die...

.. #.##
###.##..####.
..........≈.≈..
#........#.≈#.
#.....?.....≈)
#......(...# #
#...%%...#
#≈..≈###s#s..#
# #....@..##
##...##.# ##≈#.
# #. .. ^. .##
.## .. .. .. .
... .


You could see a wolf spider and a redback.

Vanquished Creatures
  Rupert (Lair:4)
  Harold (Lair:4)
  The ghost of Deemzul the Martial Artist, an experienced OpMo of Dithmenos (D:7)
  6 elephants
  A griffon (Lair:4)
  A black mamba (Lair:3)
  4 spiny frogs
  Psyche (D:8)
  A komodo dragon (Lair:3)
  A feature mimic (Lair:2)
  2 basilisks
  A tarantella (Spider:1)
  4 redbacks (Spider:1)
  4 yaks (Lair:3)
  8 wolves
  A steam dragon (Lair:4)
  3 orc warriors
  8 water moccasins
  A shark (Lair:4)
  A sky beast (D:5)
  A porcupine (Lair:2)
  A hippogriff (Lair:4)
  A necrophage (D:6)
  2 ogres
  2 centaurs
  7 crocodiles
  5 giant slugs
  A big kobold (D:7)
  Blork the orc (D:6)
  11 giant frogs
  7 spiders (Lair:4)
  3 scorpions
  4 killer bees (D:8)
  2 electric eels (Lair:2)
  4 hounds
  2 jellies
  A goliath beetle (D:7)
  2 iguanas
  7 orc priests
  A centaur skeleton (D:6)
  13 orc wizards
  A black bear skeleton (D:6)
  8 worker ants
  Ijyb (D:3)
  A big fish (Lair:4)
  A hound zombie (D:5)
  14 mummies (Ossuary)
  6 gnolls
  16 adders
  36 green rats
  2 shadow imps
  3 giant mites
  6 worms
  8 giant geckos
  36 orcs
  3 ball pythons
  22 bats
  6 giant cockroaches
  7 goblins
  17 hobgoblins
  27 jackals
  9 quokkas
  A giant gecko zombie (D:6)
  3 giant newts
  2 giant spores (D:8)
  3 gnoll skeletons
  3 goblin skeletons
  A hobgoblin skeleton (D:7)
  A hobgoblin zombie (D:6)
  18 kobolds
  2 kobold skeletons
  3 orc skeletons (Ossuary)
  A quokka skeleton (D:6)
  13 rats
  12 rat skeletons
  A rat zombie (D:6)
  3 ballistomycetes (D:8)
  A bush (D:6)
427 creatures vanquished.

Vanquished Creatures (collateral kills)
  A hydra (Lair:4)
  A yak (Lair:3)
2 creatures vanquished.

Vanquished Creatures (others)
  A gnoll (D:8)
1 creature vanquished.

Grand Total: 430 creatures vanquished

Notes
Turn   | Place    | Note
--------------------------------------------------------------
     0 | D:1      | Quh, the Minotaur Berserker, began the quest for the Orb.
     0 | D:1      | Reached XP level 1. HP: 19/19 MP: 1/1
   355 | D:1      | Reached skill level 4 in Maces & Flails
   381 | D:1      | Reached XP level 2. HP: 15/26 MP: 1/1
   785 | D:1      | Acquired Trog's second power
  1287 | D:2      | Reached XP level 3. HP: 29/33 MP: 2/2
  1365 | D:2      | Reached skill level 5 in Maces & Flails
  1483 | D:2      | Found a glowing golden altar of the Shining One.
  1551 | D:2      | Reached XP level 4. HP: 31/40 MP: 2/2
  2277 | D:3      | Reached XP level 5. HP: 43/47 MP: 2/2
  2293 | D:3      | Found a radiant altar of Vehumet.
  2374 | D:3      | Reached skill level 6 in Maces & Flails
  2452 | D:3      | Noticed Ijyb
  2466 | D:3      | Killed Ijyb
  2508 | D:3      | Found a burning altar of Makhleb.
  2894 | D:4      | Found a sand-covered staircase.
  2970 | Ossuary  | Entered an ossuary
  3007 | Ossuary  | Reached XP level 6. HP: 35/55 MP: 3/3
  3149 | Ossuary  | Reached skill level 5 in Fighting
  3450 | Ossuary  | Reached skill level 7 in Maces & Flails
  3783 | D:4      | Reached skill level 5 in Armour
  3874 | D:4      | Acquired Trog's third power
  3976 | D:4      | Reached XP level 7. HP: 61/61 MP: 3/3
  4012 | D:4      | Found a snail-covered altar of Cheibriados.
  4237 | D:5      | Entered Level 5 of the Dungeon
  4343 | D:5      | Reached skill level 8 in Maces & Flails
  4357 | D:5      | Reached XP level 8. HP: 27/70 MP: 3/3
  4516 | D:5      | Got a steaming flail
  4517 | D:5      | Identified the +3,+5 flail of Vorghik {freeze, -Cast Str+3 Dex+3} (You found it on level 5 of the Dungeon)
  4726 | D:5      | Found Phaatererph's Distillery.
  4754 | D:5      | Bought a potion of flight for 36 gold pieces
  4754 | D:5      | Bought a potion of restore abilities for 36 gold pieces
  5030 | D:6      | Reached skill level 9 in Maces & Flails
  5061 | D:6      | Found a staircase to the Ecumenical Temple.
  5212 | D:6      | Noticed Blork the orc
  5221 | D:6      | Killed Blork the orc
  5361 | Temple   | Entered the Ecumenical Temple
  5713 | D:6      | Reached skill level 10 in Maces & Flails
  5823 | D:7      | Reached XP level 9. HP: 68/79 MP: 4/4
  5831 | D:7      | Received a gift from Trog
  5940 | D:7      | Found an opulent altar of Gozag.
  6465 | D:7      | Found a stormy altar of Qazlal.
  6485 | D:7      | Reached skill level 1 in Evocations
  6490 | D:7      | Noticed Deemzul's ghost (experienced OpMo)
  6498 | D:7      | Killed Deemzul's ghost
  6498 | D:7      | Reached skill level 1 in Bows
  6990 | D:8      | Found Loosymionu's Armour Shoppe.
  7204 | D:8      | Found a staircase to the Lair.
  7215 | D:8      | Noticed Psyche
  7223 | D:8      | Killed Psyche
  7223 | D:8      | Received a gift from Trog
  7223 | D:8      | Reached skill level 11 in Maces & Flails
  7223 | D:8      | Reached skill level 10 in Armour
  7468 | Lair:1   | Entered Level 1 of the Lair of Beasts
  7468 | Lair:1   | Noticed an elephant
  7468 | Lair:1   | Noticed an elephant
  7468 | Lair:1   | Noticed an elephant
  7477 | Lair:1   | Killed an elephant
  7477 | Lair:1   | Reached skill level 1 in Staves
  7477 | Lair:1   | Reached XP level 10. HP: 79/88 MP: 9/9
  7481 | Lair:1   | Killed an elephant
  7487 | Lair:1   | Killed an elephant
  7571 | Lair:1   | Noticed a spiny frog
  7584 | Lair:1   | Killed a spiny frog
  8177 | Lair:1   | Noticed a spiny frog
  8185 | Lair:1   | Killed a spiny frog
  8747 | Lair:1   | Reached skill level 5 in Bows
  8995 | Lair:2   | Reached skill level 5 in Evocations
  9357 | Lair:2   | Noticed an elephant
  9359 | Lair:2   | Noticed an elephant
  9366 | Lair:2   | Killed an elephant
  9366 | Lair:2   | Reached XP level 11. HP: 93/95 MP: 13/13
  9375 | Lair:2   | Killed an elephant
  9375 | Lair:2   | Reached skill level 12 in Maces & Flails
  9609 | Lair:2   | Identified a scroll of acquirement
  9703 | Lair:2   | Noticed an elephant
  9713 | Lair:2   | Killed an elephant
  9833 | Lair:2   | Got a brightly glowing mace
  9842 | Lair:2   | Identified the +8,+8 mace "Breih" {drain, MR+ Int-1} (You found it on level 2 of the Lair of Beasts)
  9879 | Lair:2   | Received a gift from Trog
 10629 | Lair:3   | Reached skill level 5 in Staves
 11546 | Lair:4   | Found a staircase to the Swamp.
 11735 | Lair:4   | Noticed a five-headed hydra
 11747 | Lair:4   | Killed a five-headed hydra
 12120 | Lair:4   | Noticed Rupert
 12131 | Lair:4   | Killed Rupert
 12159 | Lair:4   | Noticed Harold
 12172 | Lair:4   | Killed Harold
 12172 | Lair:4   | Received a gift from Trog
 12582 | Lair:4   | Received a gift from Trog
 12891 | Lair:4   | Found a hole to the Spider Nest.
 12901 | Lair:4   | Reached skill level 13 in Maces & Flails
 12911 | Spider:1 | Entered Level 1 of the Spider Nest
 12919 | Spider:1 | Reached XP level 12. HP: 105/105 MP: 18/18
 12934 | Spider:1 | HP: 1/105 [wolf spider (9)]
 12934 | Spider:1 | Mangled by a redback

Action                   |  1- 3 |  4- 6 |  7- 9 | 10-12 || total
-------------------------+-------+-------+-------+-------++-------
Melee: Mace              |    83 |   223 |    55 |   175 ||   536
       Flail             |       |       |   254 |   265 ||   519
 Fire: Shortbow          |       |       |     3 |    14 ||    17
Invok: Berserk           |     1 |     2 |     2 |     3 ||     8
       Trog's Hand       |       |     1 |     3 |       ||     4
       Brothers in Arms  |       |       |       |     2 ||     2
Evoke: Wand              |       |       |       |     6 ||     6
  Use: Scroll            |       |     7 |     9 |    10 ||    26
       Potion            |       |       |       |     2 ||     2
